[Event "Titled Tuesday Blitz May 03 Early 2022"]
[White "Sebag, Marie"]
[Black "Delorme, Alban"]
[WhiteFideId "617822"]
[BlackFideId "623636"]
[WhiteElo "2440"]
[BlackElo "2197"]
[Result "1-0"]
[Round "09"]
[TimeControl "180+1"]
[Date "2022.05.03"]
[WhiteClock "0:00:17"]
[BlackClock "0:00:12"]

1. e4 c5 2. Nc3 Nc6 3. Bb5 Nd4 4. Nf3 g6 5. O-O Bg7 6. Nxd4 cxd4 7. Ne2 Nf6 8. d3 O-O 9. h3 d6 10. Ba4 e5 11. f4 Bd7 12. Bb3 Be6 13. f5 Bxb3 14. axb3 d5 15. Ng3 dxe4 16. Nxe4 Rc8 17. Bg5 Qb6 18. Bxf6 Bxf6 19. Qd2 a6 20. Rf2 gxf5 21. Rxf5 Bg7 22. Raf1 Rc6 23. Qf2 Qc7 24. Nf6+ Bxf6 25. Rxf6 Rxf6 26. Qxf6 Re8 27. Rf5 Re6 28. Rg5+ Kf8 29. Qh8+ Ke7 30. Rg8 Kd7 31. Qxh7 Rf6 32. Qh8 Qb6 33. Rb8 Re6 34. Qc8+ Kd6 35. Rxb7 Qc6 36. Qd8+ Kc5 37. Rc7 1-0


[Site "https://www.chess.com"]

[Event "Titled Tuesday Blitz May 03 Early 2022"]
[White "Simonovic, Miroslav"]
[Black "Shuvalov, Evgenij"]
[WhiteFideId "919152"]
[BlackFideId "4187237"]
[WhiteElo "2043"]
[BlackElo "2130"]
[Result "0-1"]
[Round "09"]
[TimeControl "180+1"]
[Date "2022.05.03"]
[WhiteClock "0:00:01"]
[BlackClock "0:00:19"]

1. d4 Nf6 2. Bg5 c5 3. Bxf6 gxf6 4. c3 Qb6 5. Qc2 cxd4 6. cxd4 Nc6 7. e3 d5 8. Nd2 Bg4 9. Be2 Bxe2 10. Nxe2 e6 11. O-O Bd6 12. g3 h5 13. h4 Ke7 14. a3 Rac8 15. Qd3 Qa6 16. Qxa6 bxa6 17. b4 a5 18. b5 Nb8 19. Rfc1 Nd7 20. a4 Nb6 21. Nb3 Bb4 22. Nc5 Rc7 23. Rc2 Rhc8 24. Rac1 Nxa4 25. Ra2 Nxc5 26. dxc5 Rxc5 27. Rxc5 Rxc5 28. Nd4 Kd7 29. f4 e5 30. fxe5 fxe5 31. Nf5 Rxb5 32. Ng7 Bc5 33. Nxh5 Bxe3+ 34. Kg2 Ke6 35. g4 e4 36. Ng7+ Ke5 37. Nf5 Bf4 38. h5 d4 39. h6 Bxh6 40. Nxh6 Kf4 41. Nxf7 Kxg4 42. Nd6 Re5 43. Nc4 Rc5 44. Nxa5 e3 45. Nb3 Rc4 46. Rxa7 Rc2+ 47. Kf1 d3 48. Rg7+ Kf4 49. Rf7+ Kg5 50. Rd7 Rc3 51. Rd5+ Kf4 52. Rd4+ Ke5 0-1


[Site "https://www.chess.com"]

[Event "Titled Tuesday Blitz May 03 Early 2022"]
[White "Sirosh, Ilja"]
[Black "Stanisz, Patryk"]
[WhiteFideId "4500458"]
[BlackFideId "1123106"]
[WhiteElo "2241"]
[BlackElo "1833"]
[Result "1-0"]
[Round "09"]
[TimeControl "180+1"]
[Date "2022.05.03"]
[WhiteClock "0:01:44"]
[BlackClock "0:00:03"]

1. e4 c5 2. Nf3 Nc6 3. d4 cxd4 4. Nxd4 Nf6 5. Nc3 e5 6. Ndb5 d6 7. Bg5 a6 8. Na3 b5 9. Nd5 Qa5+ 10. Bd2 Qd8 11. Bg5 Be7 12. Bxf6 Bxf6 13. c4 O-O 14. cxb5 Nd4 15. b6 Bg5 16. Bc4 Bb7 17. O-O Rb8 18. Qd3 Bxd5 19. Bxd5 Qxb6 20. Nc4 Qb5 21. b3 Rfd8 22. g3 h6 23. h4 Bf6 24. Rfc1 Rbc8 25. Kg2 Kf8 26. Rab1 g6 27. Qd1 Kg7 28. b4 h5 29. a4 Qb8 30. Qd3 Qa7 31. Na5 Qd7 32. Rxc8 Rxc8 33. b5 axb5 34. axb5 Qg4 35. b6 Rb8 36. Nc6 Nxc6 37. Bxc6 Bxh4 38. Qxd6 Rd8 39. Qxe5+ Bf6 40. Qf4 Qc8 41. Bd5 Qb8 42. Qxb8 Rxb8 43. b7 Be5 44. f4 Bd6 45. Rb6 Bc7 46. e5 Kf8 47. Ra6 Ke7 48. Kf3 f6 49. exf6+ Kf8 50. f7 Ke7 51. Rxg6 Rf8 52. Rg8 Bb8 53. Ke4 Rxf7 54. Bxf7 Kxf7 55. Rxb8 1-0


[Site "https://www.chess.com"]

[Event "Titled Tuesday Blitz May 03 Early 2022"]
[White "Sokolovsky, Yahli"]
[Black "Martinez Alcantara, Jose Eduardo"]
[WhiteFideId "2820242"]
[BlackFideId "3805662"]
[WhiteElo "1770"]
[BlackElo "2690"]
[Result "0-1"]
[Round "09"]
[TimeControl "180+1"]
[Date "2022.05.03"]
[WhiteClock "0:00:01"]
[BlackClock "0:00:18"]

1. b3 c5 2. Bb2 d5 3. e3 Nf6 4. Nf3 e6 5. d4 cxd4 6. exd4 b6 7. Bb5+ Bd7 8. Bd3 Be7 9. O-O Nc6 10. a3 O-O 11. Nbd2 Bc8 12. Ne5 Bb7 13. Ndf3 Bd6 14. Re1 Ne7 15. Qe2 h6 16. Nd2 Rc8 17. Qf3 Nd7 18. Qh3 Bxe5 19. dxe5 Nc5 20. Bf1 Nf5 21. Rad1 Qg5 22. Nf3 Qg6 23. Bd4 h5 24. Nh4 Nxh4 25. Qxh4 Qxc2 26. Bxc5 Qxc5 27. Qxh5 g6 28. Qh4 Rfe8 29. Rd3 Qe7 30. Qf4 Kg7 31. b4 Rh8 32. Rf3 Rh4 33. Qg3 Rh5 34. Rf4 Qg5 35. Qf3 Rc7 36. h3 Rh4 37. Rxh4 Qxh4 38. Bd3 Qg5 39. Re3 d4 40. Re4 Bxe4 41. Qxe4 Rd7 42. f4 Qg3 43. Kf1 Qe3 44. Qxe3 dxe3 45. Ke2 Rc7 46. Kxe3 Rc3 47. a4 Ra3 48. Kd4 Rxa4 49. Kc3 Ra2 50. Be4 Rf2 51. Bf3 Rf1 52. Kc4 Rb1 53. Be4 Rb2 54. Bf3 a5 55. b5 Rb4+ 0-1


[Site "https://www.chess.com"]

[Event "Titled Tuesday Blitz May 03 Early 2022"]
[White "Stribuk, Artiom"]
[Black "Oparin, Grigoriy"]
[WhiteFideId "13515659"]
[BlackFideId "24125890"]
[WhiteElo "2259"]
[BlackElo "2665"]
[Result "0-1"]
[Round "09"]
[TimeControl "180+1"]
[Date "2022.05.03"]
[WhiteClock "0:00:08"]
[BlackClock "0:02:03"]

1. d4 Nf6 2. c4 e6 3. g3 d5 4. Nf3 Bb4+ 5. Bd2 a5 6. Bg2 dxc4 7. Qc2 b6 8. O-O Bb7 9. Bg5 O-O 10. Nbd2 Bxd2 11. Bxd2 b5 12. a4 Be4 13. Qc1 c6 14. Qd1 Nbd7 15. b3 cxb3 16. Qxb3 b4 17. Rfc1 Qb6 18. e3 c5 19. Be1 Rfc8 20. dxc5 Nxc5 21. Qd1 Qb7 22. Rc4 Bd5 23. Rd4 Nb3 24. Rxd5 Qxd5 25. Qxd5 Nxd5 26. Rb1 Nc5 27. Nd4 Nxa4 28. Nb3 Nac3 29. Ra1 a4 30. Nd4 b3 0-1


[Site "https://www.chess.com"]

[Event "Titled Tuesday Blitz May 03 Early 2022"]
[White "Subaste, Arman"]
[Black "Matveeva, Olga"]
[WhiteFideId "5221080"]
[BlackFideId "24107018"]
[WhiteElo "1856"]
[BlackElo "2083"]
[Result "1-0"]
[Round "09"]
[TimeControl "180+1"]
[Date "2022.05.03"]
[WhiteClock "0:00:57"]
[BlackClock "0:00:13"]

1. d4 Nf6 2. Nf3 e6 3. g3 d5 4. Bg2 Be7 5. O-O O-O 6. c4 dxc4 7. Ne5 Nc6 8. Bxc6 bxc6 9. Nxc6 Qe8 10. Qa4 Bb7 11. Nxe7+ Qxe7 12. Qxc4 e5 13. dxe5 Qxe5 14. Nc3 Rac8 15. Bf4 Qh5 16. f3 Rfe8 17. e4 g5 18. Be3 g4 19. Bd4 Re6 20. Bxf6 Rxf6 21. fxg4 Qg6 22. Rxf6 Qxf6 23. Rf1 Qe6 24. Qxe6 fxe6 25. Rd1 Bc6 26. Rd4 Kf7 27. Rc4 Bb7 28. Rc5 Kf6 29. Kf2 h6 30. Ke3 Ba6 31. e5+ Ke7 32. Ne4 Bb7 33. Nf6 c6 34. Kf4 Rd8 35. g5 hxg5+ 36. Kxg5 Rd2 37. h4 Rxb2 38. h5 Rxa2 39. h6 Rh2 40. Nh5 Kf7 41. Rc4 Kg8 42. Rd4 Ba6 43. Rd8+ Kf7 44. Rd7+ Ke8 45. Rxa7 Be2 46. g4 Rg2 47. Nf6+ Kd8 48. h7 1-0


[Site "https://www.chess.com"]

[Event "Titled Tuesday Blitz May 03 Early 2022"]
[White "Sztokbant, Bernardo Vainzoff"]
[Black "Vifleemskaia, Svetlana"]
[WhiteFideId "2115956"]
[BlackFideId "4129490"]
[WhiteElo "2225"]
[BlackElo "1901"]
[Result "1-0"]
[Round "09"]
[TimeControl "180+1"]
[Date "2022.05.03"]
[WhiteClock "0:01:22"]
[BlackClock "0:00:13"]

1. e4 e5 2. Nf3 Nc6 3. Bb5 a6 4. Ba4 Nf6 5. O-O Be7 6. Re1 b5 7. Bb3 d6 8. c3 O-O 9. h3 Nd7 10. d4 Bf6 11. Be3 Na5 12. Bc2 Nc4 13. Bc1 Bb7 14. b3 Ncb6 15. Be3 Re8 16. Nbd2 c5 17. d5 c4 18. bxc4 Nxc4 19. Nxc4 bxc4 20. Rb1 Qc7 21. Nd2 a5 22. Qe2 Ba6 23. Ba4 Reb8 24. Qg4 Nc5 25. Bc6 Bb7 26. Bxc5 Bxc6 27. dxc6 dxc5 28. Qd7 Rc8 29. Rb7 Qxc6 30. Qxf7+ Kh8 31. Reb1 Qa4 32. Qxc4 Qxc4 33. Nxc4 Rd8 34. Kf1 a4 35. Ke2 h5 36. Ne3 Kh7 37. Nd5 Kg6 38. c4 Rd6 39. Rc7 Ra5 40. Rb5 Rda6 41. Kd3 a3 42. Rcxc5 Ra4 43. Nc3 1-0


[Site "https://www.chess.com"]

[Event "Titled Tuesday Blitz May 03 Early 2022"]
[White "Taboas Rodriguez, Daniel"]
[Black "Zemlyanskii, Ivan"]
[WhiteFideId "2208466"]
[BlackFideId "24249971"]
[WhiteElo "2429"]
[BlackElo "1759"]
[Result "1/2-1/2"]
[Round "09"]
[TimeControl "180+1"]
[Date "2022.05.03"]
[WhiteClock "0:00:30"]
[BlackClock "0:00:13"]

1. d4 Nf6 2. Nf3 b6 3. c4 e6 4. Nc3 Bb4 5. Qc2 c5 6. d5 O-O 7. e4 d6 8. Be2 Bxc3+ 9. bxc3 e5 10. O-O Nbd7 11. h3 Re8 12. Nh2 Nf8 13. Bg4 Nxg4 14. Nxg4 Ng6 15. Kh2 Qh4 16. g3 Qe7 17. Kg2 Qd7 18. f3 f5 19. exf5 Qxf5 20. Qxf5 Bxf5 21. Ne3 Bd3 22. Rd1 e4 23. fxe4 Bxe4+ 24. Kh2 Rf8 25. Rf1 Rxf1 26. Nxf1 Rf8 27. Be3 Ne5 28. Nd2 Bd3 29. Bf4 Nxc4 30. Nxc4 Bxc4 31. a4 h6 32. a5 Bxd5 33. axb6 axb6 34. Rd1 Rf5 35. Bxd6 Rf2+ 36. Kg1 Rg2+ 37. Kf1 Bc6 38. Be5 Rh2 39. Rd6 Bb5+ 40. Kg1 Rxh3 41. Rxb6 Bd3 42. Rb7 g6 43. Rg7+ Kf8 44. Rc7 c4 45. Kg2 Rh5 46. Bg7+ Ke8 47. g4 Rh4 48. Kg3 g5 49. Kf3 Rh3+ 50. Kg2 Rh4 51. Kg3 Be2 52. Rc6 Rxg4+ 53. Kf2 Bd3 54. Bxh6 Rf4+ 55. Kg3 Rf5 56. Rg6 Re5 57. Rxg5 Re3+ 58. Kf4 Re4+ 59. Kf3 Re1 60. Bg7 Rf1+ 61. Ke3 Rf7 62. Bd4 Rh7 63. Rg8+ Kf7 64. Ra8 Rh3+ 65. Kf4 Ke6 66. Ra6+ Kd5 67. Ra5+ Kc6 68. Ra6+ Kb7 69. Ra7+ Kc6 70. Ra6+ Kb5 71. Rb6+ Ka4 72. Rb8 Ka3 73. Ke5 Rh5+ 74. Kd6 Ka2 75. Rb4 Rh6+ 76. Kc5 Rh5+ 77. Kd6 Rh4 78. Rb8 Rh6+ 79. Ke5 Rh5+ 80. Kf4 Rh1 81. Ke5 Rh5+ 82. Kf4 Rh2 83. Ke5 Ka3 84. Kf4 Rh5 85. Be3 Ra5 86. Bc1+ Ka2 87. Rb2+ Ka1 88. Rh2 Ra2 89. Rh8 Rc2 90. Be3 Kb1 91. Bd4 Kc1 92. Rh1+ Kb2 93. Ke5 Kb3 94. Rb1+ Rb2 95. Rxb2+ Kxb2 96. Kd5 Kc2 97. Ke5 Kb3 98. Kd6 Bc2 99. Kc5 Bb1 100. Kd6 Bc2 101. Kc5 Bd3 102. Kd6 Kc2 103. Kc5 Kd2 104. Kd6 Ke2 105. Kc5 Kf3 106. Kd6 Kg4 107. Kc5 Kf5 108. Kd6 Ke4 109. Kc5 Kf5 110. Kc6 Kg6 111. Kd6 Kf7 112. Kc5 Ke6 113. Kc6 Ke7 114. Kc5 Kd7 115. Kb6 Kd6 116. Kb5 Kd5 117. Kb4 Ke4 118. Ka5 Kf3 119. Kb5 Ke2 120. Kc5 Kd1 121. Kd5 Kc2 122. Ke5 Kb3 123. Kd5 Bc2 124. Kc5 1/2-1/2


[Site "https://www.chess.com"]

[Event "Titled Tuesday Blitz May 03 Early 2022"]
[White "Tan, Jun Ying"]
[Black "Harshavardhan G B"]
[WhiteFideId "5710413"]
[BlackFideId "25059009"]
[WhiteElo "1827"]
[BlackElo "1831"]
[Result "0-1"]
[Round "09"]
[TimeControl "180+1"]
[Date "2022.05.03"]
[WhiteClock "0:00:01"]
[BlackClock "0:01:05"]

1. d4 Nf6 2. c4 e5 3. dxe5 Ng4 4. Bf4 Nc6 5. Nf3 Bb4+ 6. Nbd2 Qe7 7. e3 Ngxe5 8. Nxe5 Nxe5 9. Be2 Ng6 10. Bxc7 d5 11. Bg3 dxc4 12. Bxc4 O-O 13. a3 Bxd2+ 14. Qxd2 Nh4 15. Bd6 Nxg2+ 16. Kf1 Qe4 17. Bd5 Nxe3+ 18. fxe3 Bh3+ 19. Ke1 Qh4+ 20. Bg3 Qh5 21. e4 Rac8 22. Qe2 Bg4 23. Qd3 Kh8 24. Kd2 Qg5+ 25. Ke1 f5 26. Qd2 Qg6 27. e5 f4 28. Bxf4 Rc2 29. Qe3 Re2+ 30. Qxe2 Bxe2 31. Kxe2 Rxf4 32. Rac1 Qh5+ 33. Kd3 Qf5+ 34. Kd2 Rf2+ 35. Ke1 Rxb2 36. Rf1 Qxe5+ 37. Kd1 Qe2# 0-1


[Site "https://www.chess.com"]

[Event "Titled Tuesday Blitz May 03 Early 2022"]
[White "Tanenbaum, Zachary"]
[Black "Rasulov, Vugar"]
[WhiteFideId "2060850"]
[BlackFideId "13402390"]
[WhiteElo "2168"]
[BlackElo "2560"]
[Result "0-1"]
[Round "09"]
[TimeControl "180+1"]
[Date "2022.05.03"]
[WhiteClock "0:00:05"]
[BlackClock "0:01:36"]

1. e4 c5 2. Nf3 Nc6 3. Nc3 e5 4. Bc4 d6 5. d3 Be7 6. Nd2 Bg5 7. Nf1 Bxc1 8. Rxc1 Nf6 9. Ne3 O-O 10. O-O a6 11. a4 Rb8 12. Ncd5 b5 13. axb5 axb5 14. Ba2 Nxd5 15. Nxd5 Be6 16. c3 b4 17. Qc2 bxc3 18. bxc3 Qa5 19. Ra1 Qa3 20. Nf6+ gxf6 21. Bxe6 Qb2 22. Qxb2 Rxb2 23. Bd5 Ne7 24. Rfb1 Rfb8 25. Rxb2 Rxb2 26. g3 f5 27. Ra7 Nxd5 28. exd5 Rb3 29. Kf1 Rxc3 30. Ke2 Rc2+ 31. Ke3 f4+ 32. gxf4 exf4+ 33. Kf3 Rd2 34. Ke4 Rxf2 35. Rd7 Re2+ 36. Kxf4 Rf2+ 37. Ke3 Rf6 38. Ke4 Kg7 39. Rd8 h5 40. h4 Kh7 41. Re8 Rg6 42. Rd8 Kg7 43. Kf5 Rg3 44. Rxd6 Rxd3 45. Kg5 c4 46. Kxh5 c3 47. Kg4 Rd4+ 48. Kg3 Rc4 49. Rd8 c2 50. d6 c1=Q 0-1


[Site "https://www.chess.com"]

[Event "Titled Tuesday Blitz May 03 Early 2022"]
[White "Tasev, Dejan"]
[Black "Kadam, Om Manish"]
[WhiteFideId "936618"]
[BlackFideId "45076294"]
[WhiteElo "2253"]
[BlackElo "1729"]
[Result "0-1"]
[Round "09"]
[TimeControl "180+1"]
[Date "2022.05.03"]
[WhiteClock "0:00:17"]
[BlackClock "0:00:46"]

1. e4 c5 2. Nf3 d6 3. Nc3 Nc6 4. d4 cxd4 5. Nxd4 Nf6 6. Bc4 e6 7. Bb3 Be7 8. Be3 O-O 9. f3 Bd7 10. Qd2 a6 11. g4 Rc8 12. O-O-O b5 13. a3 Ne5 14. h4 Qa5 15. h5 b4 16. Na2 d5 17. Nxb4 dxe4 18. g5 Bxb4 19. Qxb4 Qxb4 20. axb4 Nd5 21. Bxd5 exd5 22. fxe4 dxe4 23. Kb1 Bg4 24. Rde1 Rfe8 25. h6 Nf3 26. Nxf3 exf3 27. hxg7 Bf5 28. Rh2 Rc4 29. Kc1 Rxb4 30. Bd2 Rxe1+ 31. Bxe1 Re4 32. Bc3 Rg4 33. b3 Rxg5 34. Rd2 f6 35. Rd8+ Kf7 36. Rf8+ Kxg7 37. Rxf6 Kg8 38. Bd4 h5 39. Rxa6 Rg2 40. c4 f2 41. Ra8+ Kf7 42. Ra7+ Kg6 43. Ra6+ Kg5 44. Be3+ Kg4 45. Bxf2 Rxf2 46. c5 Rc2+ 47. Kd1 Rxc5 48. b4 Rb5 0-1


[Site "https://www.chess.com"]

[Event "Titled Tuesday Blitz May 03 Early 2022"]
[White "Tatarinov, Dmitry"]
[Black "Pranav, V"]
[WhiteFideId "24160067"]
[BlackFideId "25060783"]
[WhiteElo "2302"]
[BlackElo "2349"]
[Result "0-1"]
[Round "09"]
[TimeControl "180+1"]
[Date "2022.05.03"]
[WhiteClock "0:02:01"]
[BlackClock "0:01:34"]

1. d4 Nf6 2. c4 e6 3. Nf3 d5 4. g3 Bb4+ 5. Bd2 Be7 6. Bg2 O-O 7. O-O c6 8. Qc2 b6 9. Rc1 Ba6 10. b3 Nbd7 11. a4 Rc8 12. a5 c5 13. axb6 Qxb6 14. Qa2 Rc6 15. Ne5 Nxe5 16. dxe5 Ng4 17. cxd5 exd5 18. Nc3 c4 19. e3 cxb3 20. Qb2 Bc4 21. Nxd5 Bxd5 22. Bxd5 Rxc1+ 23. Rxc1 Qh6 24. Be1 Qxh2+ 25. Kf1 Nxe3+ 26. Ke2 Nxd5 27. Qxb3 Qh5+ 28. Qf3 Qxe5+ 29. Kf1 Nf6 30. Rc7 Qxc7 0-1


[Site "https://www.chess.com"]

[Event "Titled Tuesday Blitz May 03 Early 2022"]
[White "Thybo, Jesper Sondergaard"]
[Black "Vovk, Orest"]
[WhiteFideId "1438832"]
[BlackFideId "14113490"]
[WhiteElo "2316"]
[BlackElo "2203"]
[Result "0-1"]
[Round "09"]
[TimeControl "180+1"]
[Date "2022.05.03"]
[WhiteClock "0:00:04"]
[BlackClock "0:00:06"]

1. Nf3 h6 2. b3 g5 3. Bb2 Nf6 4. e4 d6 5. Nc3 Bg7 6. Nd5 Nh5 7. Bxg7 Nxg7 8. d4 c6 9. Ne3 Qa5+ 10. Qd2 Qxd2+ 11. Kxd2 Nd7 12. h4 Nf6 13. Bd3 g4 14. Nh2 Ne6 15. c3 Nf4 16. Bc2 e5 17. Nc4 Ke7 18. g3 Ng6 19. Rad1 h5 20. Nf1 Be6 21. Nfe3 a5 22. Kc1 b5 23. Nb2 Rhd8 24. Rhe1 a4 25. Nf5+ Bxf5 26. exf5 axb3 27. Bxb3 Nh8 28. dxe5 dxe5 29. Rxe5+ Kf8 30. Nd3 Nd7 31. Re3 c5 32. Bd5 Ra3 33. Kb2 Ra6 34. Nf4 Nb6 35. Red3 c4 36. Rd4 Na4+ 37. Kc2 Nc5 38. Kb1 Na4 39. Rc1 Rf6 40. Be4 Nxc3+ 41. Rxc3 Rxd4 42. Bc2 b4 43. Re3 Rb6 44. Nxh5 b3 45. axb3 cxb3 46. Bxb3 Rd2 47. f6 Rxf2 48. Rc3 Kg8 49. Nf4 Rf3 50. Rc8+ Kh7 51. Rc5 Rbxb3+ 52. Ka2 Ra3+ 53. Kb2 Kg8 54. Rc8+ Kh7 55. Rc5 Rab3+ 56. Ka2 Rxg3 57. Rh5+ Kg8 58. Rg5+ Kf8 59. Rc5 Ra3+ 60. Kb2 Kg8 61. Rc8+ Kh7 62. Rc5 Raf3 63. Rh5+ Kg8 64. Rg5+ Kf8 65. Rc5 Rf2+ 66. Kc1 Rg1# 0-1


[Site "https://www.chess.com"]

[Event "Titled Tuesday Blitz May 03 Early 2022"]
[White "Todorovic, Bojan"]
[Black "Chuemsakul, Sarocha"]
[WhiteFideId "917087"]
[BlackFideId "6203710"]
[WhiteElo "2266"]
[BlackElo "1703"]
[Result "1-0"]
[Round "09"]
[TimeControl "180+1"]
[Date "2022.05.03"]
[WhiteClock "0:00:09"]
[BlackClock "0:00:02"]

1. d4 Nf6 2. c4 c5 3. d5 b5 4. cxb5 a6 5. e3 e6 6. Nc3 Bb7 7. e4 exd5 8. exd5 d6 9. Nf3 g6 10. Be2 Bg7 11. O-O O-O 12. h3 axb5 13. Bxb5 Nbd7 14. Bf4 Nb6 15. Bc6 Rb8 16. a4 Ba6 17. Re1 Nc4 18. Bb5 Qb6 19. Bxa6 Qxa6 20. Qd3 Rxb2 21. Nd2 Rb4 22. Rab1 Rc8 23. Nce4 Ne8 24. Rbc1 Rxa4 25. Nxc4 Bd4 26. Nexd6 Nxd6 27. Bxd6 Ra8 28. Bg3 Ra2 29. Qf3 Qb5 30. Nd6 Qb2 31. Qxf7+ Kh8 32. Re8+ Rxe8 33. Qxe8+ Kg7 34. Qf7+ Kh8 35. Qf8# 1-0


[Site "https://www.chess.com"]

[Event "Titled Tuesday Blitz May 03 Early 2022"]
[White "Vagman, Roy"]
[Black "Dilmukhametov, Artur"]
[WhiteFideId "2828995"]
[BlackFideId "24179922"]
[WhiteElo "1927"]
[BlackElo "2244"]
[Result "1-0"]
[Round "09"]
[TimeControl "180+1"]
[Date "2022.05.03"]
[WhiteClock "0:02:34"]
[BlackClock "0:01:19"]

1. d4 e6 2. c4 Nf6 3. Nc3 d5 4. cxd5 exd5 5. Bg5 Be6 6. e3 Bb4 7. Bd3 Nc6 8. Nf3 Qd7 9. a3 Bxc3+ 10. bxc3 Bf5 11. Bxf6 gxf6 12. Qc2 Bxd3 13. Qxd3 Na5 14. Ke2 Nc4 15. Rhb1 Rb8 16. g3 a5 17. a4 b5 18. axb5 Rxb5 19. Rxb5 Qxb5 20. Rb1 Qd7 21. Rb8+ Ke7 22. Rxh8 Qb5 23. Rxh7 Qb2+ 24. Nd2 a4 25. Ke1 a3 26. Nxc4 Qc1+ 27. Ke2 dxc4 28. Qe4+ Kd7 29. Rxf7+ Kd6 30. Rxf6+ Kd7 31. Qe6+ Kd8 32. Rf8# 1-0


[Site "https://www.chess.com"]

[Event "Titled Tuesday Blitz May 03 Early 2022"]
[White "Van den Dikkenberg, Erik"]
[Black "Weishaeutel, Moritz"]
[WhiteFideId "1005880"]
[BlackFideId "12967300"]
[WhiteElo "2118"]
[BlackElo "2002"]
[Result "0-1"]
[Round "09"]
[TimeControl "180+1"]
[Date "2022.05.03"]
[WhiteClock "0:01:56"]
[BlackClock "0:02:00"]

1. e4 e6 2. d4 d5 3. exd5 exd5 4. Nf3 Bd6 5. Bd3 Ne7 6. Nc3 c6 7. Qe2 Bg4 8. O-O Qc7 9. h3 Bh5 10. Bg5 O-O 11. Rae1 Re8 12. Nh4 Bxe2 0-1


[Site "https://www.chess.com"]

[Event "Titled Tuesday Blitz May 03 Early 2022"]
[White "Varshini, V"]
[Black "Coto Mederos, Michel"]
[WhiteFideId "5091241"]
[BlackFideId "3508528"]
[WhiteElo "1948"]
[BlackElo "2427"]
[Result "0-1"]
[Round "09"]
[TimeControl "180+1"]
[Date "2022.05.03"]
[WhiteClock "0:00:04"]
[BlackClock "0:00:11"]

1. e4 e5 2. Nf3 Nc6 3. Bb5 a6 4. Ba4 Nf6 5. Qe2 b5 6. Bb3 Bc5 7. c3 d6 8. O-O Bb6 9. Rd1 h6 10. d3 O-O 11. h3 Qe7 12. Nbd2 Na5 13. Bc2 c5 14. Nf1 Nc6 15. Ng3 Be6 16. Nh4 Kh7 17. Nhf5 Bxf5 18. Nxf5 Qe6 19. Be3 Ne7 20. d4 Nxf5 21. exf5 Qe7 22. dxc5 Bxc5 23. Bxc5 dxc5 24. Qe3 Rad8 25. Re1 Rfe8 26. Rad1 Rxd1 27. Rxd1 Kg8 28. Qd3 e4 29. Qd6 Qa7 30. Re1 c4 31. Qf4 Nd5 32. Qd2 e3 33. fxe3 Rxe3 34. Rxe3 Qxe3+ 35. Qxe3 Nxe3 36. Be4 Nd1 37. Bb7 Nxb2 38. Bxa6 b4 39. Bxc4 Nxc4 40. cxb4 Kf8 41. Kf2 Ke7 42. Ke2 Kd6 43. Kd3 Kd5 44. Kc3 Nd6 45. a4 Nxf5 46. a5 Nd6 47. a6 Nb5+ 48. Kb3 f5 49. Ka4 Kc6 50. Ka5 f4 51. Ka4 g5 52. Kb3 Kb6 53. Kc4 Nd6+ 54. Kd5 Nf5 55. Ke4 Nh4 0-1


[Site "https://www.chess.com"]

[Event "Titled Tuesday Blitz May 03 Early 2022"]
[White "Vlassov, Nikolai"]
[Black "Cunjalo, Faris"]
[WhiteFideId "4103360"]
[BlackFideId "14410710"]
[WhiteElo "2407"]
[BlackElo "2263"]
[Result "0-1"]
[Round "09"]
[TimeControl "180+1"]
[Date "2022.05.03"]
[WhiteClock "0:00:10"]
[BlackClock "0:00:51"]

1. e4 Nc6 2. d4 d6 3. d5 Nb8 4. f4 Nf6 5. Nc3 c6 6. Nf3 g6 7. Bc4 Bg7 8. e5 Nxd5 9. Nxd5 cxd5 10. Bxd5 O-O 11. O-O Nc6 12. Re1 dxe5 13. Nxe5 Nxe5 14. fxe5 Be6 15. c4 Bxd5 16. cxd5 Qa5 17. Bf4 Rfd8 18. d6 exd6 19. exd6 Bf8 20. Qd4 Rd7 21. b4 Qa4 22. Rac1 Rad8 23. Red1 Qxa2 24. Ra1 Qe6 25. Re1 Qf5 26. Rxa7 Bxd6 27. Bxd6 Rxd6 28. Qf2 Qxf2+ 29. Kxf2 Rb6 30. Re7 Rd2+ 31. Kf3 Rf6+ 32. Kg3 Rd3+ 33. Kh4 Rd4+ 34. g4 h6 35. Raxb7 Rf3 0-1


[Site "https://www.chess.com"]

[Event "Titled Tuesday Blitz May 03 Early 2022"]
[White "Vokarev, Sergey"]
[Black "Toncheva, Nadya"]
[WhiteFideId "4119711"]
[BlackFideId "2924056"]
[WhiteElo "2343"]
[BlackElo "1884"]
[Result "1-0"]
[Round "09"]
[TimeControl "180+1"]
[Date "2022.05.03"]
[WhiteClock "0:01:29"]
[BlackClock "0:00:03"]

1. e4 c5 2. Nf3 Nc6 3. d4 cxd4 4. Nxd4 e6 5. Nb5 d6 6. Bf4 e5 7. Be3 Nf6 8. Bg5 a6 9. N5c3 h6 10. Bxf6 gxf6 11. Nd5 f5 12. Nbc3 Be6 13. exf5 Bxf5 14. Bd3 Be6 15. O-O Bg7 16. Qh5 O-O 17. Ne3 Qg5 18. Qxg5 hxg5 19. Rad1 Nd4 20. Ncd5 Rad8 21. c3 Nc6 22. Bf5 Rd7 23. f3 Ne7 24. Nxe7+ Rxe7 25. g4 Rd8 26. Nd5 Bxd5 27. Rxd5 Rc7 28. Rfd1 Rc6 29. Be4 Rb6 30. R1d2 Kf8 31. a4 Ke7 32. Kg2 Bf8 33. Kf2 f6 34. Ke3 Rc6 35. a5 Rc7 36. Kd3 Kf7 37. h4 gxh4 38. Rh2 Bh6 39. Rxh4 Rh8 40. Ke2 Bg7 41. Rxh8 Bxh8 42. Rxd6 Ke7 43. Rb6 Bg7 44. Rxb7 Rxb7 45. Bxb7 Kd6 46. Kd3 Kc5 47. b4+ Kd6 48. Bxa6 Bh6 1-0


[Site "https://www.chess.com"]

[Event "Titled Tuesday Blitz May 03 Early 2022"]
[White "Vokhidov, Shamsiddin"]
[Black "Sychev, Klementy"]
[WhiteFideId "14204223"]
[BlackFideId "4114060"]
[WhiteElo "2611"]
[BlackElo "2564"]
[Result "1-0"]
[Round "09"]
[TimeControl "180+1"]
[Date "2022.05.03"]
[WhiteClock "0:00:08"]
[BlackClock "0:00:02"]

1. e4 e5 2. Nf3 Nc6 3. Bb5 Nf6 4. d3 Bc5 5. Bxc6 dxc6 6. Nbd2 Be6 7. O-O Nd7 8. Nb3 Bb6 9. Ng5 Bxb3 10. axb3 f6 11. Nf3 Nf8 12. Nd2 Ne6 13. Nc4 O-O 14. g3 Qd7 15. Qg4 Rad8 16. Nxb6 axb6 17. Be3 c5 18. h4 Qc6 19. h5 b5 20. f4 exf4 21. gxf4 f5 22. exf5 Nd4 23. Bxd4 cxd4 24. Rae1 Rf7 25. Rf2 Rdf8 26. Re5 Qd7 27. Rfe2 c6 28. Kh2 h6 29. Kg3 Kh8 30. R2e4 Qd8 31. Kh3 Qd7 32. Kg2 Qd8 33. Kg3 Qd7 34. Qg6 Rf6 35. Qg4 R6f7 36. Re6 Qd8 37. R4e5 Qd7 38. Qg6 Kg8 39. Rd6 Qc7 40. Rxd4 Qa5 41. Rde4 Qa1 42. Re1 Qxb2 43. R1e2 Qc1 44. Qg4 Qg1+ 45. Rg2 Qd4 46. Kh2 Qd7 47. Kh3 Rxf5 48. Kh2 R5f7 49. Qxd7 Rxd7 50. Kg3 Rf6 51. f5 Rd4 52. Rge2 Kh7 53. R2e4 Rd7 54. Kf4 Rdf7 55. Kg4 Rf8 56. Rf4 R8f7 57. Re6 Kg8 58. Re8+ Rf8 59. Re5 R8f7 60. Rd4 Kh7 61. Rd8 1-0


[Site "https://www.chess.com"]

[Event "Titled Tuesday Blitz May 03 Early 2022"]
[White "Vysochin, Spartak"]
[Black "Ciorgovean, Iustin"]
[WhiteFideId "14103516"]
[BlackFideId "1242911"]
[WhiteElo "2385"]
[BlackElo "2075"]
[Result "1-0"]
[Round "09"]
[TimeControl "180+1"]
[Date "2022.05.03"]
[WhiteClock "0:00:14"]
[BlackClock "0:00:13"]

1. e4 e5 2. Nf3 Nc6 3. Bb5 Nf6 4. O-O Nxe4 5. d4 Nd6 6. Ba4 exd4 7. c3 Be7 8. cxd4 O-O 9. d5 Na5 10. Nc3 b6 11. Bf4 Bf6 12. Re1 Nac4 13. Qc2 Ba6 14. Rad1 Rb8 15. b3 Na3 16. Qc1 b5 17. Bxd6 cxd6 18. Ne4 bxa4 19. Qxa3 Be5 20. Nxd6 Bxd6 21. Qxd6 Qb6 22. Qxd7 axb3 23. axb3 Qxb3 24. Qxa7 Be2 25. Nd4 Qxd1 26. Rxd1 Bxd1 27. h3 Bb3 28. d6 Bd5 29. d7 Rbd8 30. Qc7 Be6 31. Nxe6 fxe6 32. Qd6 Kf7 33. g4 h6 34. Kg2 Kf6 35. Qd4+ Kf7 36. h4 Rg8 37. Kg3 Ke7 38. Qc5+ Kxd7 39. Qa7+ Kd6 40. h5 Rd7 41. Qa3+ Kc7 42. f4 Rgd8 43. Kh4 Rd4 44. Qc5+ Kb7 45. Qb5+ Kc7 46. Qe5+ Kb7 47. Qxg7+ R8d7 48. Qxh6 Rf7 49. Qxe6 Rdxf4 50. h6 R4f6 51. Qxf6 Rxf6 52. g5 Rf4+ 53. Kh5 Kc7 54. h7 Rf1 55. Kg6 Rf8 56. Kg7 Re8 57. h8=Q Rxh8 58. Kxh8 Kd6 59. g6 1-0


[Site "https://www.chess.com"]